 Dungeon Crawl Stone Soup version 0.23-a0-358-g98c7a59 (webtiles) character file.

2 namelastname112 the Magician (level 1, 0/14 HPs)
             Began as a Draconian Wizard on Oct 23, 2018.
             Slain by a frilled lizard (2 damage)
             ... on level 1 of the Dungeon.
             The game lasted 00:00:18 (39 turns).

namelastname112 the Magician (Draconian Wizard)       Turns: 39, Time: 00:00:19

Health: 0/14       AC:  4    Str:  9    XL:     1   Next: 25%
Magic:  1/4        EV: 12    Int: 18    God:
Gold:   9          SH:  0    Dex:  9    Spells: 5/6 levels left

rFire    . . .     SeeInvis .   (no weapon)
rCold    . . .     Gourm    .   (no shield)
rNeg     . . .     Faith    .   (armour unavailable)
rPois    .         Spirit   .   a - +0 hat
rElec    .         Reflect  .   (no cloak)
rCorr    .         Harm     .   (no gloves)
MR       .....                  (no boots)
Stlth    +.........             (no amulet)
HPRegen  0.04/turn              (no ring)
MPRegen  0.09/turn              (no ring)

@: very slow
A: unfitting armour, cold-blooded, AC +4
a: no special abilities


You were on level 1 of the Dungeon.
You were not hungry.

You visited 1 branch of the dungeon, and saw 1 of its levels.

You collected 9 gold pieces.

Inventory:

Armour
 a - a +0 hat (worn)
Potions
 b - a potion of lignification {unknown}
Comestibles
 c - a ration


   Skills:
 + Level 0.0 Fighting
 + Level 1.8 Dodging
 - Level 1.7 Stealth
 * Level 3.0 Spellcasting
 * Level 1.1 Conjurations
   Level 1.0 Summonings
   Level 1.0 Translocations


You had 5 spell levels left.
You knew the following spells:

 Your Spells              Type           Power        Failure   Level  Hunger
z - Magic Dart            Conj           #...         11%         1    None

Your spell library contained the following spells:

 Spells                   Type           Power        Failure   Level  Hunger
 Blink                    Tloc           N/A          16%         2    ##.....
 Call Imp                 Summ           #.......     16%         2    ##.....
 Slow                     Hex            #.......     24%         2    ##.....
 Conjure Flame            Conj/Fire      #.......     36%         3    ###....
 Mephitic Cloud           Conj/Pois/Air  #.......     38%         3    ###....


Dungeon Overview and Level Annotations

Branches:
Dungeon (1/15)

Altars:


Innate Abilities, Weirdness & Mutations

Your plain brown scales are hard. (AC +4)
You cannot fit into any form of body armour.
You are cold-blooded and may be slowed by cold attacks.


Message History

The goblin closely misses you. The hobgoblin hits you.
The frilled lizard bites you.
You take 2 damage, and have 9/14 hp.
You barely miss the frilled lizard. The goblin barely misses you.
The hobgoblin misses you. The bat completely misses you.
The frilled lizard bites you.
You take 1 damage, and have 8/14 hp.
The bat hits you but does no damage. The frilled lizard barely misses you.
You barely miss the hobgoblin.
Your tail-slap misses the hobgoblin.
The frilled lizard closely misses you.
The hobgoblin hits you but does no damage.
The goblin splashes around in the water.
Your unstable footing causes you to fumble your attack.
The frilled lizard bites you but does no damage.
The goblin hits you. The hobgoblin hits you with a +0 club.
* * * LOW HITPOINT WARNING * * *
You take 6 damage, and have 2/14 hp.
MASSIVE DAMAGE!!
You hit the hobgoblin but do no damage.
Your tail-slap misses the hobgoblin.
The frilled lizard bites you.
You die...

≈≈≈...≈
≈P≈....≈≈#
#♣≈≈≈≈≈...≈≈≈♣
≈≈≈≈≈≈P...≈≈≈♣
♣≈P≈≈≈≈...≈≈≈♣
♣≈≈≈≈≈≈...P≈♣
♣≈≈≈≈≈≈...≈g♣♣
♣PP≈≈≈≈...bl@♣
♣≈≈≈≈P...≈≈gg♣
♣≈≈≈≈...≈≈♣♣#
#...♣≈≈≈.≈P♣♣.#
#....♣♣.?≈♣P..#
### #...≈†...#
#...≈♣.#.#
.........#.#
##########.#


You could see 2 hobgoblins, a goblin, a bat and a frilled lizard.

Vanquished Creatures
  A goblin (D:1)
  A rat (D:1)
2 creatures vanquished.

Notes
Turn   | Place    | Note
-------+----------+-------------------------------------------
     0 | D:1      | namelastname112 the Draconian Wizard began the quest for
                  | the Orb.
     0 | D:1      | Reached XP level 1. HP: 14/14 MP: 4/4
    39 | D:1      | Slain by a frilled lizard

Vault maps used:
D:1:      minmay_arrival_shattered_statue, serial_bayou_ford_a

Action                   || total
-------------------------++-------
Melee: Unarmed           ||     5
 Cast: Magic Dart        ||     5
Armor: Skin              ||     4
Dodge: Dodged            ||     8

Table legend:
 A = Non-vault XP
 B = Vault XP
 C = Vault XP percentage of total XP
 D = Non-vault monster count
 E = Vault monster count
 F = Vault count percentage of total count
                 A         B        C        D         E       F
            +---------+---------+-------+---------+---------+-------
      Total |       3 |       0 |   0.0 |       2 |       0 |   0.0
            +---------+---------+-------+---------+---------+-------
        D:1 |       3 |       0 |   0.0 |       2 |       0 |   0.0
            +---------+---------+-------+---------+---------+-------
